 Dungeon Crawl Stone Soup version 0.29.1-15-g9cfb28693d (webtiles) character file.

Game seed: 9113810039754053946

10805 EarthwalkerPL the Fighter (level 11, -21/104 HPs)
             Began as a Minotaur Fighter on Mar 17, 2023.
             Was a High Priest of Okawaru.
             Demolished by a juggernaut skeleton (54 damage)
             ... on level 1 of the Abyss.
             The game lasted 00:18:43 (12030 turns).

EarthwalkerPL the Fighter (Minotaur Fighter)       Turns: 12030, Time: 00:18:43

Health: -21/104    AC: 14    Str: 24    XL:     11   Next: 41%
Magic:  10/10      EV:  5    Int:  5    God:    Okawaru [*****.]
Gold:   664        SH: 15    Dex: 11    Spells: 10/10 levels left

rFire   + . .      SeeInvis +   O - +3 war axe (vamp)
rCold   . . .      Faith    .   J - +0 tower shield
rNeg    . . .      Spirit   .   N - +1 chain mail {rF+}
rPois   +          Reflect  .   (helmet restricted)
rElec   .          Harm     .   (no cloak)
rCorr   .          Rampage  .   (no gloves)
Will    .....                   j - +0 pair of boots
Stlth   ..........              (no amulet)
HPRegen 0.27/turn               t - ring of see invisible
MPRegen 0.12/turn               k - ring of poison resistance

@: no status effects
A: horns 2, retaliatory headbutt
a: Renounce Religion, Heroism, Finesse, Duel


You were on level 1 of the Abyss.
You worshipped Okawaru.
Okawaru was extremely pleased with you.
You visited 2 branches of the dungeon, and saw 11 of its levels.
You visited the Abyss 1 time.

You collected 664 gold pieces.

Inventory:

Hand Weapons
 l - a +0 war axe of freezing
 p - the +7 trident "Erro" {vorpal, rElec}
   (You found it on level 10 of the Dungeon)

   It inflicts extra damage upon your enemies.
   rElec:     It insulates you from electricity.
 O - a +3 vampiric war axe (weapon)
Missiles
 a - 2 boomerangs
 g - 40 poisoned darts (quivered)
 F - 14 boomerangs of dispersal
Armour
 b - a +0 scale mail
 c - a +0 buckler
 j - a +0 pair of boots (worn)
 J - a +0 tower shield (worn)
 L - a +0 plate armour
 N - a +1 chain mail of fire resistance (worn)
Jewellery
 e - a +6 ring of strength
 k - a ring of poison resistance (right hand)
 s - a ring of protection from cold
 t - a ring of see invisible (left hand)
 x - a +6 ring of intelligence
 K - an amulet of magic regeneration
 M - a +6 ring of strength
Wands
 u - a wand of acid (9)
 v - a wand of flame (42)
 A - a wand of paralysis (8)
Scrolls
 f - 3 scrolls of butterflies
 o - 5 scrolls of noise
 q - 3 scrolls of immolation
 y - 2 scrolls of torment
 B - a scroll of magic mapping
 C - 3 scrolls of enchant armour
 G - 3 scrolls of amnesia
 H - 2 scrolls of teleportation
 I - 3 scrolls of vulnerability
 P - a scroll of fear {unknown}
Potions
 d - a potion of might
 h - 2 potions of degeneration
 i - 2 potions of heal wounds {unknown}
 n - 2 potions of magic {unknown}
 r - a potion of berserk rage {unknown}
 w - 5 potions of lignification {unknown}
 z - 2 potions of brilliance {unknown}
 D - a potion of flight {unknown}
 E - a potion of ambrosia {unknown}
 Q - a potion of cancellation {unknown}


   Skills:
 * Level 12.2 Fighting
 * Level 11.8 Axes
 * Level 12.1 Armour
 + Level 9.1 Shields


You had 10 spell levels left.
You didn't know any spells.
Your spell library contained the following spells:

 Spells                   Type           Power      Damage    Failure   Level
 Sting                    Tmut/Pois      0%         1d3       100%        1
 Poisonous Vapours        Pois/Air       0%         N/A       100%        2
 Gell's Gravitas          Tloc           0%         N/A       100%        3
 Portal Projectile        Hex/Tloc       0%         N/A       100%        3
 Teleport Other           Tloc           0%         N/A       100%        3
 Leda's Liquefaction      Hex/Erth       0%         N/A       100%        4
 Olgreb's Toxic Radiance  Pois           0%         N/A       100%        4
 Blade Hands              Tmut           0%         N/A       100%        5
 Irradiate                Conj/Tmut      0%         3d11      100%        5
 Dispersal                Tloc           0%         N/A       100%        6
 Dragon Form              Tmut           0%         N/A       100%        7
 Call Canine Familiar     Summ           Unusable   N/A       N/A         3

Dungeon Overview and Level Annotations

Branches:
Dungeon (10/15)            Temple (1/1) D:5            Lair (0/5) D:9
    Orc: D:9-12

Altars:
Ashenzari
Cheibriados
Dithmenos
Elyvilon
Fedhas
Gozag
Hepliaklqana
Kikubaaqudgha
Makhleb
Nemelex Xobeh
Okawaru
Qazlal
Ru
Sif Muna
Trog
Uskayaw
Vehumet
Wu Jian
Xom
Yredelemnul
Zin
The Shining One

Shops:
D:9 *

Annotations:
D:9 Erolcha


Innate Abilities, Weirdness & Mutations

You have a pair of horns on your head.
You reflexively headbutt those who attack you in melee.


Message History

Something smites you! The smoke demon gestures at you. Something smites you!
The smoke demon gestures at you. The ball of steam hits you. You resist.
You slash the smoke demon! You headbutt the smoke demon.
The smoke demon is heavily wounded.
You block the smoke demon's attack. x2
The smoke demon hits you but does no damage.
You slice the smoke demon!!
You kill the smoke demon!
Okawaru accepts your kill.
A juggernaut skeleton comes into view.
A raiju comes into view.
A small abomination comes into view.
A lurking horror comes into view.
The juggernaut skeleton hits you but does no damage.
The juggernaut skeleton hits you!!
The raiju barks!
The raiju bursts into living lightning!
The living lightning misses you.
The raiju blinks!
The raiju barely misses you.
You slash the raiju! Your headbutt misses the raiju.
The raiju is lightly wounded.
You hit the juggernaut skeleton. The juggernaut skeleton hits you!!!
Ouch! That really hurt!
* * * LOW HITPOINT WARNING * * *
You block the juggernaut skeleton's attack.
The raiju bites you but does no damage.
Okay, then.
You cannot coerce anything to answer your summons.
Unknown command.
You are too injured to fight recklessly!
You feel better. The raiju bites you but does no damage.
You feel better. You block the raiju's attack.
You feel better. The raiju completely misses you. You furiously retaliate!
You headbutt the raiju, but do no damage.
The juggernaut skeleton hits you!!!
Ouch! That really hurt!
You die...

..........#.##.
..#.#.....#....
................
#.##.#.#.#...#
......*.....#
#..#.#.#.#..#
#....x.....#
#.#.#Z#.#..#
#.....@....#
###...h.....#
#.#####.#....
... .##### #.# #
... # .


You could see a raiju, a small abomination, a lurking horror and a juggernaut
skeleton.

Vanquished Creatures
  A two-headed ogre (D:10)
  Pikel (D:4)
  A cyclops (D:10)
  Joseph (D:7)
  A smoke demon (Abyss:1)
  An unseen horror (D:10)
  A troll (D:9)
  A flying skull (Abyss:1)
  A wraith (D:10)
  2 wyverns
  2 shadows
  11 yaks
  Eustachio (D:5)
  Menkaure (D:4)
  Duvessa (D:5)
  An acid dragon (D:10)
  A water moccasin (D:6)
  3 black bears
  2 ice beasts (D:6)
  3 orc warriors
  5 wolves (D:9)
  3 ogres (D:5)
  3 centaurs
  2 lemures (D:4)
  2 phantoms
  3 kobold brigands
  Blork the orc (D:4)
  A bullfrog (D:7)
  2 gnoll sergeants (D:8)
  A scorpion (D:6)
  12 wights
  Dowan (D:5)
  21 killer bees
  An electric eel (D:9)
  6 howler monkeys
  4 jellies
  7 hounds
  5 orc priests
  2 gnoll boudas
  3 iguanas (D:5)
  6 orc wizards
  Natasha (twice) (D:2)
  Robin (D:2)
  14 gnolls
  9 adders
  An ufetubus (Abyss:1)
  3 worms
  4 dart slugs
  30 orcs
  12 endoplasms
  3 giant cockroaches
  11 goblins
  10 hobgoblins
  A jackal (D:5)
  4 quokkas
  2 ball pythons
  3 bats
  2 frilled lizards
  21 kobolds
  6 rats
267 creatures vanquished.

Vanquished Creatures (others)
  A bush (D:5)
  11 plants (D:5)
12 creatures vanquished.

Grand Total: 279 creatures vanquished

Notes
Turn   | Place    | Note
-------+----------+-------------------------------------------
     0 | D:1      | EarthwalkerPL the Minotaur Fighter began the quest for the
                  | Orb.
     0 | D:1      | Reached XP level 1. HP: 19/19 MP: 0/0
   211 | D:1      | Reached XP level 2. HP: 27/27 MP: 1/1
   881 | D:2      | Reached XP level 3. HP: 33/33 MP: 2/2
  1023 | D:2      | Noticed Natasha
  1025 | D:2      | Killed Natasha
  1026 | D:2      | Reached XP level 4. HP: 41/41 MP: 3/3
  1450 | D:2      | Noticed Robin
  1465 | D:2      | Killed Robin
  1636 | D:2      | Found a faded altar of an unknown god.
  1667 | D:2      | Noticed Natasha
  1672 | D:2      | Killed Natasha
  1673 | D:2      | Reached XP level 5. HP: 47/47 MP: 4/4
  1787 | D:3      | Found a white marble altar of Elyvilon.
  1855 | D:3      | Reached skill level 5 in Fighting
  1855 | D:3      | Reached skill level 5 in Armour
  2014 | D:3      | Identified the +2 ring mail of the Dungeon {rCorr Str+2}
  2431 | D:4      | Noticed a black bear
  2438 | D:4      | Killed a black bear
  2439 | D:4      | Reached XP level 6. HP: 56/56 MP: 5/5
  2490 | D:4      | Noticed Pikel
  2506 | D:4      | Killed Pikel
  2507 | D:4      | Reached skill level 5 in Axes
  2507 | D:4      | Reached skill level 5 in Shields
  2507 | D:4      | Reached XP level 7. HP: 26/64 MP: 6/6
  2894 | D:4      | Noticed Blork the orc
  2903 | D:4      | Killed Blork the orc
  3179 | D:4      | Noticed Menkaure
  3186 | D:4      | Killed Menkaure
  3187 | D:4      | Reached XP level 8. HP: 43/73 MP: 7/7
  3332 | D:4      | You fall into a shaft and drop 1 floor!
  3332 | D:5      | Entered Level 5 of the Dungeon
  3864 | D:5      | Noticed Dowan
  3878 | D:5      | Killed Dowan
  4113 | D:5      | Noticed Eustachio
  4122 | D:5      | Killed Eustachio
  4235 | D:5      | Found a staircase to the Ecumenical Temple.
  4245 | Temple   | Entered the Ecumenical Temple
  4245 | Temple   | Found a transporter.
  4245 | Temple   | Found a transporter.
  4247 | Temple   | Found a transporter.
  4247 | Temple   | Found a transporter.
  4273 | Temple   | Became a worshipper of Warmaster Okawaru
  4299 | D:5      | Noticed Duvessa
  4314 | D:5      | Killed Duvessa
  4315 | D:5      | Reached XP level 9. HP: 6/82 MP: 8/8
  4804 | D:5      | Found a blossoming altar of Fedhas.
  5011 | D:6      | Reached * piety under Okawaru
  5939 | D:6      | Reached ** piety under Okawaru
  6277 | D:7      | Noticed Joseph
  6297 | D:7      | Killed Joseph
  6465 | D:7      | Reached skill level 10 in Fighting
  6468 | D:7      | Reached skill level 10 in Armour
  6468 | D:7      | Reached XP level 10. HP: 43/93 MP: 9/9
  7200 | D:7      | Identified the +0 robe of the Apprentice {Str+2}
  7238 | D:7      | Found a sparkling altar of Nemelex Xobeh.
  7690 | D:8      | Reached *** piety under Okawaru
  7949 | D:8      | Reached skill level 10 in Axes
  8228 | D:8      | Found a broken altar of Ashenzari.
  8815 | D:9      | Found an opulent altar of Gozag.
  8818 | D:9      | Found Gozag's Platinum Reserve.
  8887 | D:9      | Reached **** piety under Okawaru
  9407 | D:9      | Found a staircase to the Lair.
  9729 | D:9      | Noticed Erolcha
  9740 | D:10     | Entered Level 10 of the Dungeon
 10315 | D:10     | Noticed a two-headed ogre
 10324 | D:10     | Killed a two-headed ogre
 10325 | D:10     | Reached XP level 11. HP: 50/103 MP: 10/10
 11101 | D:10     | Identified the +7 trident "Erro" {vorpal, rElec}
 11106 | D:10     | Reached ***** piety under Okawaru
 11245 | D:9      | Received a gift from Okawaru
 11910 | Abyss:1  | Cast into level 1 of the Abyss (Erolcha)
 11918 | Abyss:1  | Found a broken altar of Ashenzari.
 12027 | Abyss:1  | HP: 5/104 [juggernaut skeleton (55)]
 12030 | Abyss:1  | Demolished by a juggernaut skeleton

Illustrated notes

Levels and vault maps discovered:
D:1:      zelgadis_glass_arrival_small, layout_loops_ring, hex_large,
          minmay_strange_pillars, minmay_tromino_i4
D:2:      layout_loops_corners, hellmonk_ecumenical_altar_heavens_door,
          uniq_robin, uniq_natasha
D:3:      layout_rooms, elyvilon_altar_5
D:4:      layout_loops_ring, hangedman_abyss_or_decor_stabs, uniq_menkaure,
          uniq_pikel, uniq_blork_the_orc
D:5:      layout_cave_pools, fedhas_altar_decomposition,
          minmay_temple_entry_offerings, grunt_tough_drop, uniq_duvessa,
          uniq_eustachio
D:6:      kb_forest_paths, layout_basic, corexii_corridor_pit,
          minmay_unpleasant_kobolds
D:7:      layout_rooms, mainiacjoe_overflow_alcove_1, uniq_joseph
D:8:      layout_cave_pods, old_standard_altar
D:9:      minmay_clustersquares, layout_loops_ring,
          nicolae_gozag_zags_fifth_avenue, erik_lair_island,
          serial_co_window_serial, co_window_paths_a, co_window_corner_a,
          co_window_paths_b, co_window_paths_b, co_window_corner_a,
          co_window_paths_a, co_window_paths_b, co_window_corner_b,
          co_window_corner_cb, co_window_corner_cb, co_window_unsneaky_path_b,
          co_window_unsneaky_path_c, co_window_corner_b, co_window_corner_b,
          glass_columns_c, glass_columns_a, glass_columns_a, glass_columns_c,
          uniq_erolcha
D:10:     layout_long_grid
Temple:   hellmonk_temple_divided_pantheon
Abyss:1:  base: D:9, hangedman_classic_abyss_death

Skill      XL: |  1  2  3  4  5  6  7  8  9 10 11 |
---------------+----------------------------------+-----
Fighting       | 4 5 6 7 8 10 11 12 | 12.2
Armour         | 4 5 6 7 8 10 11 12 | 12.1
Axes           | 3 4 5 6 7 9 11 | 11.8
Shields        | 4 5 6 7 8 9 |  9.1

Action                   |  1- 3 |  4- 6 |  7- 9 | 10-12 || total
-------------------------+-------+-------+-------+-------++-------
Melee: War axe           |    42 |   101 |   251 |   295 ||   689
       Headbutt          |     7 |    10 |    44 |    60 ||   121
Throw: Dart              |       |     5 |     3 |     9 ||    17
  Use: Scroll            |       |       |       |    14 ||    14
       Potion            |       |       |       |     3 ||     3
 Stab: Distracted        |       |     1 |       |       ||     1
Armor: Scale mail        |    20 |    43 |    91 |    72 ||   226
       Chain mail        |       |       |       |    34 ||    34
Dodge: Dodged            |    18 |    42 |   104 |   108 ||   272
Block: Buckler           |     9 |    18 |    52 |    45 ||   124
       Tower shield      |       |       |       |    93 ||    93
